[Event "42nd Olympiad Baku 2016 Women"]
[Site "Baku"]
[Date "2016.09.05"]
[Round "4.19"]
[White "Mendis, Dasuni Hansika"]
[Black "Estrada, Lucia"]
[Result "1-0"]
[ECO "D36"]
[WhiteElo "1699"]
[BlackElo "1941"]
[Annotator ""]
[PlyCount "209"]
[EventDate "2016.??.??"]
[EventCountry "AZE"]
[SourceTitle "playchess.com"]
[Source "ChessBase"]
[WhiteTeam "Sri Lanka"]
[BlackTeam "Bolivia"]
[WhiteTeamCountry "SRI"]
[BlackTeamCountry "BOL"]
[TimeControl "40/5400+30:1800+30"]

1. d4 {(00:00)} d5 {(00:02)} 2. c4 {(00:00)} e6 {(
01:14)} 3. Nc3 {(00:15)} Nf6 {(00:40)} 4. cxd5 {(00:10)}
exd5 {(00:14)} 5. Bg5 {(00:08)} c6 {(03:07)} 6. Qc2 {
(00:42)} Nbd7 {(04:39)} 7. e3 {(00:13)} Bd6 {(04:
59)} 8. Bd3 {(01:04)} h6 {(01:44)} 9. Bh4 {(02:08)} O-O {
(06:21)} 10. Nge2 {(03:24)} Re8 {(01:03)} 11. O-O {
(05:22)} Nf8 {(05:16)} 12. Bg3 {(02:09)} Bg4 {(03:
17)} 13. Bxd6 {(17:33)} Qxd6 {(04:30)} 14. Ng3 {(01:45)}
N8h7 {(09:26)} 15. a3 {(10:01)} Ng5 {(04:22)} 16. b4 {
(01:54)} Bd7 {(03:55)} 17. Na4 {(04:12)} Nge4 {(06:
51)} 18. Bxe4 {(14:36)} Nxe4 {(04:13)} 19. Nxe4 {(02:22)}
dxe4 {(00:46)} 20. Nc5 {(00:54)} Bc8 {(02:14)} 21. Rfc1 {
(11:32)} Qg6 {(01:34)} 22. Qe2 {(02:21)} Bh3 {(06:
33)} 23. Qf1 {(02:18)} b6 {(00:58)} 24. Nb3 {(00:56)} Bd7
{(03:41)} 25. Rc3 {(01:38)} Qg5 {(01:12)} 26. Nd2 {
(03:53)} a5 {(11:17)} 27. bxa5 {(00:32)} Qxa5 {(00:
30)} 28. Qc1 {(00:51)} b5 {(01:35)} 29. Nb3 {(00:53)} Qa7
{(01:21)} 30. Nc5 {(02:24)} Bg4 {(02:45)} 31. Rb3 {
(02:13)} Qe7 {(01:18)} 32. Rb4 {(00:48)} Rad8 {(00:
36)} 33. a4 {(00:43)} bxa4 {(00:29)} 34. Rbxa4 {(00:21)}
Rd5 {(00:38)} 35. Nb3 {(03:07)} Rg5 {(00:33)} 36. Ra5 {
(00:43)} Be6 {(01:27)} 37. Rxg5 {(00:50)} hxg5 {(
00:12)} 38. Nc5 {(00:34)} Bd5 {(00:08)} 39. Rb1 {(00:40)}
Ra8 {(00:31)} 40. Rb7 {(00:00)} Qf6 {(00:00)} 41. Qb1 {
(04:14)} Qg6 {(10:03)} 42. Nd7 {(09:22)} Qd6 {(04:
19)} 43. Nc5 {(13:46)} f5 {(13:36)} 44. Rxg7+ {(03:51)}
Kxg7 {(01:30)} 45. Qb7+ {(00:05)} Kg6 {(03:10)} 46. Qxa8 {
(00:05)} Qe7 {(00:49)} 47. Qb8 {(01:48)} Kg7 {(01:
59)} 48. Qb7 {(01:36)} Qxb7 {(00:09)} 49. Nxb7 {(00:00)}
Kf6 {(00:12)} 50. Kf1 {(00:25)} Bc4+ {(00:24)} 51. Ke1 {
(00:07)} Ba6 {(01:06)} 52. Nc5 {(00:08)} Bb5 {(00:
16)} 53. f3 {(00:31)} exf3 {(00:15)} 54. gxf3 {(00:00)}
Bc4 {(00:38)} 55. Kf2 {(00:46)} Bd5 {(00:44)} 56. e4 {
(00:57)} Bc4 {(00:31)} 57. Nb7 {(02:29)} f4 {(00:
36)} 58. Nc5 {(01:07)} Bb5 {(00:18)} 59. Ke1 {(00:44)} Bc4
{(00:27)} 60. Kf2 {(00:43)} Bb5 {(00:09)} 61. Nd7+ {
(00:31)} Ke7 {(00:39)} 62. Ne5 {(00:46)} Ke6 {(00:
22)} 63. Ng4 {(00:19)} Bc4 {(00:19)} 64. Nh6 {(00:20)} Kd6
{(00:46)} 65. Nf5+ {(00:06)} Ke6 {(00:07)} 66. h4 {
(00:55)} Kf6 {(01:33)} 67. Nd6 {(01:08)} Be6 {(00:
52)} 68. hxg5+ {(00:23)} Kxg5 {(00:03)} 69. Nb7 {(00:14)}
Bc4 {(00:17)} 70. Nc5 {(00:32)} Kf6 {(00:51)} 71. Nd7+ {
(00:13)} Kg5 {(00:07)} 72. Ne5 {(00:04)} Bb5 {(00:
07)} 73. Nf7+ {(00:42)} Kf6 {(00:14)} 74. Nd8 {(00:52)}
Ke7 {(00:22)} 75. Nb7 {(00:05)} Kf6 {(00:40)} 76. Nc5 {
(00:09)} Bc4 {(00:16)} 77. Na4 {(00:10)} Bb5 {(00:
11)} 78. Nc3 {(00:06)} Bc4 {(00:09)} 79. Ne2 {(00:14)} Kg5
{(00:32)} 80. Ng1 {(00:35)} Be6 {(00:33)} 81. Kg2 {
(00:41)} Kh4 {(00:14)} 82. Kh2 {(00:52)} Bd7 {(00:
13)} 83. Ne2 {(00:48)} Kg5 {(00:10)} 84. Nc1 {(00:09)} Be6
{(00:22)} 85. Nd3 {(00:25)} Bc4 {(00:14)} 86. Ne5 {
(00:11)} Bb5 {(00:08)} 87. Kg2 {(00:40)} Kf6 {(00:
16)} 88. Kh3 {(01:24)} Kg5 {(00:37)} 89. Kg2 {(01:01)} Kf6
{(00:14)} 90. Ng4+ {(00:27)} Kg5 {(00:41)} 91. Nf2 {
(00:07)} Kf6 {(03:47)} 92. Nh3 {(00:14)} Ke6 {(00:
25)} 93. Nxf4+ {(00:05)} Kd6 {(00:05)} 94. Kf2 {(00:29)}
c5 {(00:28)} 95. dxc5+ {(00:42)} Kxc5 {(00:02)} 96. Ke3 {
(00:07)} Kd6 {(00:42)} 97. Nd3 {(00:07)} Ke6 {(01:
32)} 98. f4 {(00:31)} Kf6 {(00:59)} 99. Kd4 {(00:42)} Bd7
{(00:21)} 100. Kd5 {(01:20)} Be6+ {(00:20)} 101. Kd6 {
(00:30)} Bc4 {(00:15)} 102. Nc5 {(00:22)} Ba2 {(01:
10)} 103. Nd7+ {(00:17)} Kf7 {(00:07)} 104. e5 {(01:38)}
Bb1 {(00:48)} 105. e6+ 1-0

[Event "42nd Olympiad Baku 2016 Women"]
[Site "Baku"]
[Date "2016.09.05"]
[Round "4.4"]
[White "Mendoza, Shania Mae"]
[Black "Ouellet, Maili-Jade"]
[Result "1-0"]
[ECO "B43"]
[WhiteElo "1965"]
[BlackElo "1992"]
[Annotator ""]
[PlyCount "95"]
[EventDate "2016.??.??"]
[EventCountry "AZE"]
[SourceTitle "playchess.com"]
[Source "ChessBase"]
[WhiteTeam "Philippines"]
[BlackTeam "Canada"]
[WhiteTeamCountry "PHI"]
[BlackTeamCountry "CAN"]
[TimeControl "40/5400+30:1800+30"]

1. e4 {(00:00)} c5 {(00:00)} 2. Nf3 {(00:20)} e6 {(
00:00)} 3. d4 {(00:49)} cxd4 {(00:00)} 4. Nxd4 {(00:22)}
a6 {(00:01)} 5. Nc3 {(01:21)} b5 {(00:13)} 6. a3 {(
00:53)} Bb7 {(00:09)} 7. g3 {(00:23)} Nf6 {(00:39)} 8. Bg2
{(01:11)} Qc7 {(00:58)} 9. O-O {(02:51)} d6 {(02:
13)} 10. Be3 {(06:10)} Nbd7 {(02:16)} 11. Re1 {(10:06)}
Be7 {(01:04)} 12. f4 {(01:44)} O-O {(03:13)} 13. g4 {
(06:46)} Nb6 {(05:35)} 14. g5 {(07:15)} Nfd7 {(04:
56)} 15. Kh1 {(10:14)} Nc4 {(03:25)} 16. Bc1 {(00:31)}
Rfd8 {(12:27)} 17. Qg4 {(03:03)} Bf8 {(16:48)} 18. Rf1 {
(11:57)} Ndb6 {(20:11)} 19. Qg3 {(12:41)} d5 {(01:
57)} 20. e5 {(00:21)} Rac8 {(00:50)} 21. Nce2 {(00:38)}
Nd7 {(01:11)} 22. b3 {(02:10)} Ncb6 {(00:39)} 23. Bd2 {
(04:01)} g6 {(01:49)} 24. Qh4 {(02:08)} Nc5 {(06:
06)} 25. Rf3 {(01:31)} Ne4 {(00:21)} 26. Rh3 {(00:26)} h5
{(00:18)} 27. Ba5 {(00:21)} Rd7 {(04:47)} 28. Bf3 {
(01:22)} Ba8 {(03:49)} 29. Kg2 {(01:42)} Rb8 {(01:
17)} 30. Bxh5 {(01:41)} gxh5 {(00:09)} 31. Qxh5 {(00:05)}
Bg7 {(00:19)} 32. Qh7+ {(02:02)} Kf8 {(00:02)} 33. Bb4+ {
(00:09)} Re7 {(01:26)} 34. g6 {(00:31)} Qd7 {(02:
17)} 35. gxf7 {(04:10)} Kxf7 {(00:11)} 36. Qh5+ {(00:26)}
Kg8 {(00:58)} 37. Qh7+ {(00:09)} Kf7 {(00:07)} 38. f5 {
(02:40)} exf5 {(01:22)} 39. Bxe7 {(00:19)} Rh8 {(
02:31)} 40. Qxh8 {(00:00)} Bxh8 {(00:00)} 41. e6+ {(05:12]
} Qxe6 {(04:13)} 42. Rh7+ {(00:04)} Kg6 {(00:27)} 43. Nf4+
{(00:05)} Kxh7 {(00:08)} 44. Nfxe6 {(00:01)} Nc8 {(
03:18)} 45. Bh4 {(03:48)} Ncd6 {(01:11)} 46. Rg1 {(03:22)}
Kg6 {(03:29)} 47. Kf3+ {(00:19)} Kf7 {(00:18)} 48. Nd8+ {
(00:43)} 1-0

[Event "42nd Olympiad Baku 2016 Women"]
[Site "Baku"]
[Date "2016.09.05"]
[Round "4.22"]
[White "Mezioud, Amina"]
[Black "Lee, Seyeon"]
[Result "1-0"]
[ECO "B22"]
[WhiteElo "2043"]
[BlackElo "1577"]
[Annotator ""]
[PlyCount "99"]
[EventDate "2016.??.??"]
[EventCountry "AZE"]
[SourceTitle "playchess.com"]
[Source "ChessBase"]
[WhiteTeam "Algeria"]
[BlackTeam "Korea"]
[WhiteTeamCountry "ALG"]
[BlackTeamCountry "KOR"]
[TimeControl "40/5400+30:1800+30"]

1. e4 {(00:00)} c5 {(00:00)} 2. c3 {(00:00)} d5 {(
00:11)} 3. exd5 {(00:00)} Qxd5 {(00:16)} 4. d4 {(00:00)}
cxd4 {(08:33)} 5. cxd4 {(00:03)} Nf6 {(02:13)} 6. Nc3 {
(00:44)} Qd8 {(02:32)} 7. Nf3 {(02:43)} e6 {(05:47]
} 8. Bf4 {(03:24)} Nc6 {(06:09)} 9. Bb5 {(02:58)} Bd7 {
(10:45)} 10. O-O {(00:17)} Ne7 {(05:54)} 11. Bxd7+ {
(05:29)} Nxd7 {(06:07)} 12. d5 {(01:01)} Ng6 {(06:
06)} 13. Bg3 {(02:54)} Bb4 {(10:02)} 14. dxe6 {(02:05)}
fxe6 {(01:08)} 15. Qb3 {(01:00)} Bxc3 {(04:09)} 16. Qxe6+
{(00:22)} Qe7 {(01:15)} 17. Qxe7+ {(00:07)} Kxe7 {(
00:19)} 18. bxc3 {(00:06)} Rac8 {(03:33)} 19. Rfe1+ {(00:
21)} Kf6 {(00:49)} 20. Rad1 {(00:16)} Nb6 {(05:07)} 21.
Rd6+ {(00:24)} Kf7 {(01:35)} 22. Ng5+ {(00:07)} Kf8 {
(03:32)} 23. Ne6+ {(03:38)} Kf7 {(00:58)} 24. Ng5+ {
(00:49)} Kf8 {(00:51)} 25. Rde6 {(01:14)} Nc4 {(04:
45)} 26. h4 {(01:53)} h6 {(01:38)} 27. Nf3 {(00:59)} Kf7 {
(01:14)} 28. h5 {(00:57)} Nf8 {(00:30)} 29. Re7+ {(
00:14)} Kg8 {(00:38)} 30. Rxb7 {(00:15)} Rh7 {(01:13)} 31.
Rxa7 {(00:56)} Nb6 {(01:24)} 32. Bd6 {(02:15)} Nfd7 {
(03:34)} 33. Ne5 {(02:22)} Nxe5 {(01:00)} 34. Bxe5 {
(01:09)} g5 {(01:13)} 35. Rxh7 {(00:12)} Kxh7 {(00:
04)} 36. Bd4 {(00:05)} Nd5 {(01:55)} 37. Kf1 {(00:09)} Kg8
{(00:27)} 38. a4 {(00:25)} Kf7 {(00:39)} 39. a5 {(
00:14)} Ra8 {(00:21)} 40. c4 {(00:00)} Nf4 {(00:00)} 41.
Bb6 {(00:46)} Nxh5 {(03:04)} 42. c5 {(00:05)} Nf6 {
(00:51)} 43. c6 {(00:21)} Nd5 {(01:26)} 44. Rd1 {(
00:07)} Ke6 {(00:15)} 45. c7 {(01:40)} Rc8 {(00:59)} 46.
Rb1 {(01:18)} h5 {(02:57)} 47. a6 {(01:15)} Kd7 {(
02:23)} 48. Ba5 {(01:32)} Ke6 {(07:57)} 49. Rb8 {(00:35)}
Ne7 {(00:54)} 50. a7 {(00:12)} 1-0

[Event "42nd Olympiad Baku 2016 Women"]
[Site "Baku"]
[Date "2016.09.05"]
[Round "4.20"]
[White "Miladi, Amen"]
[Black "Ortez, Andrea"]
[Result "0-1"]
[ECO "B21"]
[WhiteElo "1491"]
[BlackElo "1756"]
[Annotator ""]
[PlyCount "56"]
[EventDate "2016.??.??"]
[EventCountry "AZE"]
[SourceTitle "playchess.com"]
[Source "ChessBase"]
[WhiteTeam "Tunisia"]
[BlackTeam "El Salvador"]
[WhiteTeamCountry "TUN"]
[BlackTeamCountry "ESA"]
[TimeControl "40/5400+30:1800+30"]

1. e4 {(00:00)} c5 {(00:00)} 2. d4 {(00:00)} cxd4 {
(00:18)} 3. c3 {(00:00)} d5 {(00:28)} 4. exd5 {(00:
38)} Qxd5 {(00:46)} 5. cxd4 {(01:07)} Nc6 {(01:09)} 6. Nf3
{(01:18)} e5 {(01:50)} 7. Nc3 {(13:54)} Bb4 {(01:
01)} 8. Bd2 {(03:02)} Bxc3 {(00:55)} 9. Bxc3 {(01:20)} e4
{(00:31)} 10. Nd2 {(01:36)} Nf6 {(07:28)} 11. Bc4 {
(02:29)} Qg5 {(01:49)} 12. Qb3 {(07:44)} O-O {(01:
32)} 13. O-O-O {(01:36)} Bg4 {(26:17)} 14. Rdg1 {(02:37)}
Rac8 {(02:01)} 15. h3 {(01:30)} b5 {(06:06)} 16. hxg4 {
(11:29)} bxc4 {(07:19)} 17. Qc2 {(01:24)} Rfd8 {(
02:27)} 18. d5 {(05:54)} Ne5 {(03:50)} 19. Kb1 {(06:27)}
Nxd5 {(17:20)} 20. Bd4 {(10:58)} Nd3 {(03:24)} 21. Nxe4 {
(11:52)} Qxg4 {(00:37)} 22. f3 {(00:21)} Qd7 {(00:
53)} 23. Nc5 {(01:15)} Qb5 {(00:28)} 24. Nxd3 {(01:02)}
cxd3 {(00:30)} 25. Qd2 {(00:15)} Rc2 {(01:00)} 26. Qe1 {
(01:09)} Rb8 {(04:49)} 27. b3 {(05:32)} Rxa2 {(00:
25)} 28. Qd1 {(06:56)} Rc2 {(01:04)} 0-1

[Event "42nd Olympiad Baku 2016 Women"]
[Site "Baku"]
[Date "2016.09.05"]
[Round "4.29"]
[White "Miller, Rachel"]
[Black "Cho, Hung-Ling"]
[Result "1-0"]
[ECO "C54"]
[WhiteElo "1971"]
[BlackElo "1515"]
[Annotator ""]
[PlyCount "59"]
[EventDate "2016.??.??"]
[EventCountry "AZE"]
[SourceTitle "playchess.com"]
[Source "ChessBase"]
[WhiteTeam "Jamaica"]
[BlackTeam "Taiwan"]
[WhiteTeamCountry "JAM"]
[BlackTeamCountry "TPE"]
[TimeControl "40/5400+30:1800+30"]

1. e4 {(00:00)} e5 {(00:00)} 2. Nf3 {(00:00)} Nc6 {
(00:00)} 3. Bc4 {(00:08)} Bc5 {(00:00)} 4. c3 {(00:
22)} Nf6 {(00:00)} 5. d3 {(00:24)} d6 {(00:06)} 6. Bb3 {
(00:32)} Bg4 {(03:27)} 7. O-O {(01:21)} Qe7 {(02:
17)} 8. Nbd2 {(03:08)} O-O-O {(00:34)} 9. Bc2 {(17:10)} h6
{(19:49)} 10. b4 {(09:26)} Bb6 {(04:20)} 11. a4 {(
02:45)} a5 {(05:26)} 12. b5 {(08:41)} Nb8 {(04:45)} 13.
Nc4 {(00:54)} Nbd7 {(01:11)} 14. Ba3 {(08:20)} Qe6 {
(05:09)} 15. Bb3 {(15:50)} d5 {(11:58)} 16. Nxb6+ {
(00:14)} Nxb6 {(00:39)} 17. Qe2 {(00:54)} Bxf3 {(
03:33)} 18. Qxf3 {(00:21)} Rhe8 {(05:57)} 19. Rfe1 {(09:
31)} Qg4 {(03:33)} 20. Qe3 {(00:06)} d4 {(03:52)} 21. cxd4
{(00:06)} Rxd4 {(00:09)} 22. Bc5 {(00:07)} Rd7 {(
00:50)} 23. Bxb6 {(01:28)} cxb6 {(00:23)} 24. Qxb6 {(00:
08)} Red8 {(07:55)} 25. Rac1+ {(03:12)} Kb8 {(00:02)} 26.
Qxa5 {(00:09)} b6 {(13:35)} 27. Qxb6+ {(00:04)} Ka8 {
(00:12)} 28. Bxf7 {(06:24)} Qg5 {(02:27)} 29. Be6 {
(01:13)} Rd4 {(01:44)} 30. Rc7 {(00:34)} 1-0

[Event "42nd Olympiad Baku 2016 Women"]
[Site "Baku"]
[Date "2016.09.05"]
[Round "4.5"]
[White "Milligan, Helen"]
[Black "Vazquez Maccarini, Danitza"]
[Result "0-1"]
[ECO "B48"]
[WhiteElo "2040"]
[BlackElo "2142"]
[Annotator ""]
[PlyCount "114"]
[EventDate "2016.??.??"]
[EventCountry "AZE"]
[SourceTitle "playchess.com"]
[Source "ChessBase"]
[WhiteTeam "New Zealand"]
[BlackTeam "Puerto Rico"]
[WhiteTeamCountry "NZL"]
[BlackTeamCountry "PUR"]
[TimeControl "40/5400+30:1800+30"]

1. e4 {(00:00)} c5 {(00:00)} 2. Nf3 {(00:00)} e6 {(
00:00)} 3. d4 {(00:00)} cxd4 {(00:05)} 4. Nxd4 {(00:00)}
Nc6 {(00:19)} 5. Nc3 {(03:27)} Qc7 {(00:08)} 6. Be3 {
(01:29)} a6 {(00:22)} 7. Bd3 {(01:33)} Nf6 {(03:13]
} 8. O-O {(01:27)} b5 {(01:24)} 9. a3 {(05:07)} Bb7 {
(00:29)} 10. f4 {(06:59)} Bc5 {(06:12)} 11. Nce2 {(
15:40)} Ng4 {(10:07)} 12. Qd2 {(03:10)} Nxd4 {(06:48)} 13.
Bxd4 {(05:07)} e5 {(00:27)} 14. h3 {(03:08)} Nf6 {(
04:42)} 15. fxe5 {(03:44)} Qxe5 {(04:32)} 16. Qe3 {(03:23]
} Bxd4 {(05:21)} 17. Nxd4 {(00:41)} Nxe4 {(06:06)} 18.
Rae1 {(04:09)} d5 {(00:44)} 19. a4 {(05:51)} b4 {(
05:49)} 20. Nb3 {(05:04)} O-O {(02:02)} 21. Qb6 {(01:13)}
Rab8 {(01:31)} 22. Qxb4 {(02:18)} Qxb2 {(02:09)} 23. Qe7 {
(01:21)} Bc6 {(01:39)} 24. Qa7 {(07:39)} Ra8 {(11:
30)} 25. Qb6 {(01:08)} Bxa4 {(00:34)} 26. Qb7 {(02:00)}
Bxb3 {(02:04)} 27. Bxe4 {(00:52)} Rab8 {(04:13)} 28. Qa7 {
(00:21)} Bc4 {(10:03)} 29. Bd3 {(00:37)} Bxd3 {(00:
39)} 30. cxd3 {(00:07)} Qb6+ {(01:48)} 31. Qxb6 {(00:06)}
Rxb6 {(00:02)} 32. Re7 {(00:14)} Rb3 {(03:06)} 33. Ra7 {
(00:24)} Rxd3 {(02:49)} 34. Rxa6 {(03:11)} Rd8 {(
00:28)} 35. Ra7 {(00:07)} f6 {(02:15)} 36. Re1 {(00:39)}
Rg3 {(01:21)} 37. Ree7 {(00:22)} d4 {(01:03)} 38. Red7 {
(00:42)} Rxd7 {(00:40)} 39. Rxd7 {(00:07)} Rd3 {(
00:18)} 40. h4 {(00:00)} h5 {(00:00)} 41. Kh2 {(05:29)}
Kh7 {(03:33)} 42. Rd5 {(00:27)} Kh6 {(00:32)} 43. Kg1 {
(00:40)} g5 {(01:44)} 44. hxg5+ {(00:08)} fxg5 {(
00:01)} 45. Rd6+ {(00:11)} Kg7 {(00:20)} 46. Kf2 {(05:03)}
g4 {(03:26)} 47. Rd5 {(05:21)} Kg6 {(00:36)} 48. Rd8 {
(01:03)} Kg5 {(04:09)} 49. g3 {(01:34)} Rf3+ {(00:
35)} 50. Kg2 {(00:30)} d3 {(02:35)} 51. Rd5+ {(01:54)} Kg6
{(00:39)} 52. Re5 {(05:11)} Rf5 {(01:36)} 53. Re6+ {
(06:57)} Rf6 {(01:04)} 54. Re1 {(01:41)} Rd6 {(00:
27)} 55. Kf2 {(00:26)} Kf5 {(00:36)} 56. Rd1 {(00:36)} d2
{(06:09)} 57. Ke3 {(01:05)} Ke5 {Kd4+} 0-1

[Event "42nd Olympiad Baku 2016 Women"]
[Site "Baku"]
[Date "2016.09.05"]
[Round "4.25"]
[White "Mirza, Diana"]
[Black "Vovk, Oksana"]
[Result "0-1"]
[ECO "C00"]
[WhiteElo "1948"]
[BlackElo "2204"]
[Annotator ""]
[PlyCount "136"]
[EventDate "2016.??.??"]
[EventCountry "AZE"]
[SourceTitle "playchess.com"]
[Source "ChessBase"]
[WhiteTeam "Ireland"]
[BlackTeam "Denmark"]
[WhiteTeamCountry "IRL"]
[BlackTeamCountry "DEN"]
[TimeControl "40/5400+30:1800+30"]

1. e4 {(00:00)} e6 {(00:00)} 2. d3 {(00:00)} d5 {(
00:00)} 3. Nd2 {(00:00)} Nf6 {(00:00)} 4. Ngf3 {(00:00)}
c5 {(00:22)} 5. g3 {(00:10)} g6 {(00:39)} 6. Bg2 {(
00:08)} Bg7 {(00:05)} 7. O-O {(00:10)} O-O {(00:17)} 8.
Re1 {(01:07)} Nc6 {(02:53)} 9. c3 {(00:19)} a5 {(
01:20)} 10. Qe2 {(00:57)} b6 {(02:26)} 11. Nf1 {(03:39)}
Ba6 {(05:32)} 12. e5 {(00:24)} Nd7 {(00:21)} 13. Bf4 {
(00:15)} Re8 {(12:54)} 14. h4 {(01:23)} h6 {(06:43]
} 15. N1h2 {(00:27)} Kh7 {(03:35)} 16. Ng4 {(08:15)} f5 {
(03:34)} 17. exf6 {(01:58)} Nxf6 {(00:26)} 18. Nge5 {
(04:21)} Nxe5 {(02:13)} 19. Nxe5 {(02:10)} Qe7 {(
09:51)} 20. Rad1 {(07:05)} Rac8 {(01:34)} 21. g4 {(06:43)}
Nd7 {(06:13)} 22. Nxd7 {(01:33)} Qxd7 {(00:12)} 23. Be5 {
(00:11)} Rcd8 {(13:20)} 24. g5 {(03:45)} Bc8 {(04:
20)} 25. Qe3 {(11:52)} Rf8 {(05:08)} 26. Bh3 {(02:33)}
Rde8 {(07:09)} 27. f4 {(04:50)} h5 {(05:04)} 28. Rd2 {
(04:19)} Rf7 {(03:53)} 29. Rde2 {(01:57)} Qc6 {(02:
33)} 30. Rf1 {(06:24)} Bd7 {(00:25)} 31. Rfe1 {(02:02)}
Bc8 {(00:05)} 32. Qf3 {(02:43)} Bd7 {(00:55)} 33. Qg3 {
(08:02)} Bc8 {(00:21)} 34. Re3 {(04:35)} Bd7 {(01:
36)} 35. R1e2 {(00:14)} Bc8 {(00:54)} 36. Bxg7 {(04:22)}
Kxg7 {(00:08)} 37. Re5 {(01:11)} Qa4 {(00:55)} 38. Bxe6 {
(03:17)} Bxe6 {(00:09)} 39. Rxe6 {(00:11)} Rxe6 {(
00:26)} 40. Rxe6 {(00:00)} Rxf4 {(00:00)} 41. Qe3 {(03:53]
} Qd1+ {(08:03)} 42. Qe1 {(01:08)} Rg4+ {(02:49)} 43. Kf2
{(01:18)} Rf4+ {(00:25)} 44. Kg1 {(00:13)} Qg4+ {(
03:45)} 45. Kh2 {(00:58)} Qxh4+ {(02:37)} 46. Qxh4 {(00:
13)} Rxh4+ {(00:02)} 47. Kg3 {(00:13)} Rg4+ {(00:09)} 48.
Kh3 {(00:08)} Rxg5 {(00:46)} 49. Rxb6 {(00:07)} d4 {
(02:42)} 50. cxd4 {(04:14)} cxd4 {(00:06)} 51. Rd6 {
(00:06)} Rb5 {(00:35)} 52. b3 {(08:09)} Rb4 {(01:
32)} 53. Ra6 {(00:08)} Rb5 {(00:23)} 54. Rd6 {(00:08)} Kf7
{(01:53)} 55. Rxd4 {(00:22)} Ke6 {(00:26)} 56. Re4+ {
(06:34)} Re5 {(02:10)} 57. Ra4 {(02:26)} Rd5 {(01:
49)} 58. d4 {(00:58)} Kf5 {(00:12)} 59. b4 {(00:36)} axb4
{(00:23)} 60. Rxb4 {(00:05)} Ke4 {(00:22)} 61. Rb6 {
(01:33)} Kf5 {(04:12)} 62. Rb4 {(00:40)} g5 {(00:
11)} 63. a4 {(00:13)} Ke4 {(02:10)} 64. Rb6 {(02:51)} Kxd4
{(00:54)} 65. Ra6 {(01:39)} Kc4 {(00:59)} 66. Rh6 g4+ 67.
Kh4 Kb4 68. Ra6 Ra5 0-1

[Event "42nd Olympiad Baku 2016 Women"]
[Site "Baku"]
[Date "2016.09.05"]
[Round "4.17"]
[White "Nosimilo Mkhonto"]
[Black "Shahudha, Mohammed"]
[Result "1-0"]
[ECO "D00"]
[WhiteElo "1392"]
[BlackElo "1022"]
[Annotator ""]
[PlyCount "89"]
[EventDate "2016.??.??"]
[EventCountry "AZE"]
[SourceTitle "playchess.com"]
[Source "ChessBase"]
[WhiteTeam "SWZ"]
[BlackTeam "MDV"]
[BlackTeamCountry "MDV"]
[TimeControl "40/5400+30:1800+30"]

1. d4 {(00:00)} d5 {(00:00)} 2. Bf4 {(00:19)} Nf6 {
(00:37)} 3. h3 {(00:17)} e6 {(00:23)} 4. e3 {(00:
09)} Be7 {(00:53)} 5. Nf3 {(00:14)} Nc6 {(00:51)} 6. c3 {
(00:11)} O-O {(01:13)} 7. Bd3 {(00:08)} Bd7 {(02:
10)} 8. Nbd2 {(01:21)} a6 {(02:22)} 9. Ne5 {(01:05)} Bd6 {
(01:46)} 10. O-O {(00:26)} Qe7 {(04:07)} 11. Re1 {(
00:22)} b5 {(01:23)} 12. e4 {(04:10)} dxe4 {(07:05)} 13.
Nxe4 {(00:14)} Nxe4 {(00:34)} 14. Bxe4 {(00:59)} Qe8 {
(02:58)} 15. Qh5 {(17:34)} g6 {(02:05)} 16. Qf3 {(
01:51)} Rc8 {(03:17)} 17. Nxd7 {(02:23)} Qxd7 {(00:16)}
18. Bxc6 {(00:28)} Qe7 {(02:19)} 19. Bxd6 {(02:27)} cxd6 {
(01:14)} 20. Bd5 {(02:42)} Qd7 {(01:43)} 21. Bb3 {(
00:27)} d5 {(01:00)} 22. a4 {(00:50)} Rb8 {(00:39)} 23.
axb5 {(00:58)} Qxb5 {(01:44)} 24. Ba4 {(03:03)} Qxb2 {
(02:33)} 25. Reb1 {(01:01)} Qd2 {(02:43)} 26. Rxb8 {
(06:46)} Rxb8 {(00:26)} 27. Bc6 {(01:40)} Qg5 {(05:
09)} 28. Qd3 {(04:53)} a5 {(09:06)} 29. Rxa5 {(14:12)}
Rb1+ {(02:54)} 30. Qxb1 {(00:28)} h5 {(01:39)} 31. Qe1 {
(00:51)} Qd8 {(00:55)} 32. Ra8 {(00:21)} Qf8 {(02:
09)} 33. Rxf8+ {(00:14)} Kxf8 {(00:06)} 34. Qe5 {(01:05)}
Ke7 {(00:25)} 35. Bxd5 {(00:28)} Kd7 {(00:26)} 36. Bf3 {
(00:43)} Ke7 {(00:38)} 37. d5 {(00:19)} Kd7 {(00:
20)} 38. dxe6+ {(00:19)} fxe6 {(00:13)} 39. c4 {(00:14)}
Ke7 {(00:16)} 40. c5 {(00:07)} Kd7 {(00:08)} 41. c6+ {
(00:20)} Ke7 {(00:07)} 42. c7 {(00:11)} Kd7 {(00:
09)} 43. Qg7+ {(00:28)} Kc8 {(00:30)} 44. Bc6 {(00:16)} e5
{(00:32)} 45. Qd7# {(00:21)} 1-0

[Event "42nd Olympiad Baku 2016 Women"]
[Site "Baku"]
[Date "2016.09.05"]
[Round "4.20"]
[White "Molina, Jessica"]
[Black "Saumy, Zainab"]
[Result "1-0"]
[ECO "A57"]
[WhiteElo "1883"]
[BlackElo "1688"]
[Annotator ""]
[PlyCount "73"]
[EventDate "2016.??.??"]
[EventCountry "AZE"]
[SourceTitle "playchess.com"]
[Source "ChessBase"]
[WhiteTeam "Bolivia"]
[BlackTeam "Sri Lanka"]
[WhiteTeamCountry "BOL"]
[BlackTeamCountry "SRI"]
[TimeControl "40/5400+30:1800+30"]

1. d4 {(00:00)} Nf6 {(00:03)} 2. c4 {(00:20)} c5 {(
00:20)} 3. d5 {(00:50)} b5 {(00:33)} 4. Nd2 {(00:24)} bxc4
{(02:17)} 5. e4 {(00:18)} d6 {(00:04)} 6. Bxc4 {(
00:35)} g6 {(00:15)} 7. h3 {(03:32)} Bg7 {(00:29)} 8. Ngf3
{(01:18)} O-O {(00:11)} 9. O-O {(00:15)} Nbd7 {(00:
30)} 10. Rb1 {(01:37)} Rb8 {(00:15)} 11. b3 {(03:09)} a5 {
(02:20)} 12. Qc2 {(01:16)} Ne8 {(01:45)} 13. Bb2 {(
04:15)} f6 {(01:44)} 14. Bc3 {(14:23)} Ne5 {(02:58)} 15.
Nxe5 {(02:04)} fxe5 {(00:03)} 16. Be2 {(05:40)} Nf6 {
(06:50)} 17. Nc4 {(01:39)} Ra8 {(00:15)} 18. a4 {(
05:07)} g5 {(01:57)} 19. g4 {(02:01)} h5 {(01:38)} 20. f3
{(01:26)} hxg4 {(01:56)} 21. hxg4 {(01:22)} Kf7 {(
02:53)} 22. Qd2 {(01:02)} Rh8 {(00:36)} 23. Bxa5 {(03:13)}
Qg8 {(00:33)} 24. Kg2 {(02:13)} Bb7 {(09:52)} 25. Bc3 {
(03:39)} Bf8 {(02:42)} 26. Qe3 {(08:50)} Rb8 {(05:
43)} 27. Bxe5 {(06:49)} Rh6 {(09:29)} 28. Rh1 {(03:17)}
Qg6 {(04:17)} 29. Rxh6 {(02:39)} Bxh6 {(00:31)} 30. Bxf6 {
(01:43)} Qxf6 {(00:13)} 31. e5 {(00:53)} dxe5 {(01:
19)} 32. Nxe5+ {(00:38)} Ke8 {(00:08)} 33. Bb5+ {(00:56)}
Kd8 {(00:03)} 34. Nd7 {(01:30)} Qg6 {(00:29)} 35. Bd3 {
(00:26)} Qf7 {(00:12)} 36. Nxb8 {(00:42)} Kc8 {(00:
41)} 37. Nc6 {(01:06)} 1-0